 Seeded DCSS version 0.30-a0-341-g682706514a (webtiles) character file.

Game seed: 7130546335830651708 (custom seed)

221 purpskrrrp the Magician (level 6, 0/40 HPs)
             Began as a Djinni Conjurer on Nov 5, 2022.
             Was a Follower of Cheibriados.
             Slain by a black bear (1 damage)
             ... on level 4 of the Dungeon.
             The game lasted 00:06:36 (3482 turns).

purpskrrrp the Magician (Djinni Conjurer)           Turns: 3482, Time: 00:06:37

Health: 0/40       AC:  4    Str:  9    XL:     6   Next: 19%
Gold:   155        EV: 13    Int: 31    God:    Cheibriados [*.....] SH:  0 Dex: 20

rFire   + + .      SeeInvis .    (no weapon)
rCold   x . .      Faith    .    (no shield)
rNeg    . . .      Spirit   .    a - +0 robe
rPois   ∞          Reflect  .    (no helmet)
rElec   .          Harm     .    q - +0 cloak
rCorr   .          Rampage  .    u - +0 pair of gloves
Will    .....                    (boots unavailable)
Stlth   ++........               (no amulet)
HPRegen 0.26/turn                g - +6 ring of dexterity
MPRegen 0.00/turn                d - +6 ring of intelligence

@: flying, very slow
A: sickness immunity, fire resistance 2, cold vulnerability 1, float, innate
caster, HP casting, extra vitality 1
a: Renounce Religion, Bend Time


You were on level 4 of the Dungeon.
You worshipped Cheibriados.
Cheibriados was aware of your devotion.
You visited 1 branch of the dungeon, and saw 4 of its levels.

You collected 155 gold pieces.

Inventory:

Missiles
 e - 2 throwing nets
Armour
 a - a +0 robe (worn)
 q - a +0 cloak (worn)
 u - a +0 pair of gloves (worn)
Jewellery
 d - a +6 ring of intelligence (right hand)
 g - a +6 ring of dexterity (left hand)
Scrolls
 b - a scroll of brand weapon {unknown}
 h - 2 scrolls of silence {unknown}
 i - a scroll of enchant armour {unknown}
 n - a scroll of enchant weapon {unknown}
 o - 2 scrolls of butterflies {unknown}
 p - a scroll of noise {unknown}
Potions
 f - 3 potions of might
 j - 2 potions of flight
 k - a potion of ambrosia
 l - a potion of brilliance {unknown}
 m - a potion of degeneration {unknown}
 r - a potion of cancellation
 s - a potion of haste {unknown}
 t - a potion of invisibility {unknown}


   Skills:
 - Level 2.1 Dodging
 - Level 1.5 Stealth
 + Level 5.5 Spellcasting


You couldn't memorise any spells.
You knew the following spells:

 Your Spells              Type           Power      Damage    Failure   Level
a - Magic Dart            Conj           100%       1d8       1%          1
b - Searing Ray           Conj           84%        2d7       1%          2
c - Dazzling Flash        Conj/Hex       84%        N/A       1%          3
d - Fulminant Prism       Conj/Hex       21%        3d12      5%          4
e - Iskenderun's Mystic   Conj/Tloc      42%        2d10      5%          4
f - Sting                 Tmut/Pois      100%       1d8       1%          1
g - Scorch                Fire           84%        2d9       1%          2
Your spell library was empty.

Dungeon Overview and Level Annotations

Branches:
Dungeon (4/15)
 Temple: D:4-7

Altars:
Cheibriados
Fedhas

Shops:
D:4 [

Annotations:
D:4 Menkaure


Innate Abilities, Weirdness & Mutations

You are immune to sickness and miasma.
You are immune to poison.
Your flesh is very heat resistant. (rF++)
You are vulnerable to cold. (rC-)
You float through the air rather than walking.
You learn spells naturally, not from books.
Your magical power is your life essence.
You have superior vitality. (+4 MHP)


Message History

Aiming: Magic Dart (safe; 1% risk of failure)
Press: ? - help, Q - select action, (/) - cycle Shift-Dir - straight line, f - black bear
Aim: a black bear (moderately wounded, ally target, 100% to hit)
The magic dart hits the black bear.
The black bear is heavily wounded.
Menkaure calls on the powers of darkness!
The scorpion convulses!
The black bear convulses!
Your body is wracked with pain!
A kobold comes into view. It is wielding a +0 short sword.
Your fulminant prism crackles loudly.
Aiming: Magic Dart (safe; 1% risk of failure)
Press: ? - help, Q - select action, (/) - cycle Shift-Dir - straight line, f/p - black bear
Aim: a black bear (severely wounded, ally target, 100% to hit)
The magic dart hits the black bear.
The black bear is almost dead.
Menkaure hits your fulminant prism!!
Your fulminant prism explodes!
The blast of energy engulfs Menkaure but does no damage.
The black bear goes berserk!
Aiming: Magic Dart (safe; 1% risk of failure)
Press: ? - help, Q - select action, (/) - cycle Shift-Dir - straight line, f/p - black bear
Aim: a black bear (almost dead, berserk, 100% to hit)
The magic dart hits the black bear but does no damage.
The black bear is almost dead.
The black bear closely misses you. The black bear claws you.
* * * LOW HITPOINT WARNING * * *
The black bear claws you but does no damage.
The black bear bites you.
* * * LOW HITPOINT WARNING * * *
The black bear closely misses you. The black bear barely misses you.
Aiming: Magic Dart (safe; 1% risk of failure)
Press: ? - help, Q - select action, (/) - cycle Shift-Dir - straight line, f/p - black bear
Aim: a black bear (almost dead, berserk, 100% to hit)
The magic dart hits the black bear.
The black bear is almost dead.
* * * LOW HITPOINT WARNING * * *
The black bear bites you.
* * * LOW HITPOINT WARNING * * *
The black bear claws you.
You die...

###.#...#####
#.#####...## #
#†####.....###.#
###'#.'.......#..#
#.....'...∩...#..#
#####.....'.......#..#
)........###.....#####
..#####'## ##...## #@#
##### #h# $.(...Ks.#
8...!..M.# ..........
...........
_...........
..#.....####.
###.....#


s+ You could see a black bear (berserk), Menkaure (fast), a scorpion and a
kobold.

Vanquished Creatures
  An orc priest (D:4)
  A hound (D:3)
  An iguana (D:4)
  6 adders
  3 gnolls (D:2)
  A dart slug (D:2)
  4 orcs (D:4)
  A bat (D:3)
  7 endoplasms
  3 giant cockroaches
  7 hobgoblins
  5 kobolds
  4 ball pythons
  A frilled lizard (D:2)
  3 goblins
  2 rats
50 creatures vanquished.

Vanquished Creatures (others)
  A fulminant prism (D:4)
  11 plants (D:4)
  A toadstool (D:4)
13 creatures vanquished.

Grand Total: 63 creatures vanquished

Notes
Turn   | Place    | Note
-------+----------+-------------------------------------------
     0 | D:1      | purpskrrrp the Djinni Conjurer began the quest for the Orb.
     0 | D:1      | purpskrrrp set off with the following spells memorised:
                  | Magic Dart, Searing Ray, Dazzling Flash, Fulminant Prism,
                  | Iskenderun's Mystic Blast.
     0 | D:1      | Reached XP level 1. HP: 15/15 MP: 0/0
    79 | D:1      | Reached XP level 2. HP: 15/21 MP: 0/0
   278 | D:1      | Identified a scroll of acquirement
   278 | D:1      | Acquired a +6 ring of intelligence
   673 | D:2      | Reached XP level 3. HP: 20/25 MP: 0/0
   673 | D:2      | Learned a level 1 spell: Sting
   713 | D:2      | Reached skill level 4 in Spellcasting
   810 | D:2      | Reached XP level 4. HP: 27/31 MP: 0/0
  2606 | D:3      | Reached XP level 5. HP: 27/35 MP: 0/0
  2606 | D:3      | Learned a level 2 spell: Scorch
  2991 | D:3      | Reached skill level 5 in Spellcasting
  3015 | D:3      | Found a faded altar of an unknown god.
  3211 | D:3      | Prayed at the altar of an unknown god.
  3211 | D:3      | Became a worshipper of Cheibriados the Contemplative
  3211 | D:3      | Reached * piety under Cheibriados
  3429 | D:4      | Found Cake's Armour Emporium.
  3443 | D:4      | Reached XP level 6. HP: 33/40 MP: 0/0
  3475 | D:4      | Found a blossoming altar of Fedhas.
  3475 | D:4      | Noticed Menkaure
  3475 | D:4      | Noticed a black bear
  3482 | D:4      | HP: 1/40 [black bear (5)]
  3482 | D:4      | Slain by a black bear

Illustrated notes

Levels and vault maps discovered:
D:1:      dpeg_arrival_refuge, layout_basic
D:2:      layout_basic
D:3:      layout_rooms, nicolae_vehumet_radiance,
          shapermc_ecumenical_altar_petra
D:4:      cheibrodos_fertilizer, layout_basic, nicolae_hepliaklqana_hazy_memory,
          grunt_temple_overflow_open, kennysheep_windowed_goal, uniq_menkaure,
          uniq_grinder

Skill      XL: |  1  2  3  4  5 |
---------------+----------------+-----
Spellcasting   | 4 5 |  5.5
Dodging        | |  2.1
Stealth        | |  1.5

Action                   |  1- 3 |  4- 6 || total
-------------------------+-------+-------++-------
Melee: Unarmed           |    10 |     7 ||    17
 Cast: Magic Dart        |    46 |    62 ||   108
       Searing Ray       |     2 |     2 ||     4
       Fulminant Prism   |       |     1 ||     1
  Use: Scroll            |     1 |     4 ||     5
       Potion            |     1 |       ||     1
Armor: Robe              |       |     8 ||     8
Dodge: Dodged            |     7 |    15 ||    22

Table legend: (Time is in decaauts)
 A = Elapsed time spent in this place.
 B = Non-inter-level travel time spent in this place.
 C = Inter-level travel time spent in this place.
 D = Time resting spent in this place.
 E = Time spent auto-exploring this place.
 F = Levels seen in this place.
 G = Mean time per level.
                   A        B        C        D        E       F      G
               +--------+--------+--------+--------+--------+-----+--------+
         Total |   3549 |   3360 |    189 |     97 |   2868 |   4 |  887.2 |
       Dungeon |   3549 |   3360 |    189 |     97 |   2868 |   4 |  887.2 |
               +--------+--------+--------+--------+--------+-----+--------+

Top non-repeatable levels by time:
     D:2: 1913 daAuts
     D:3: 791 daAuts
     D:1: 623 daAuts
     D:4: 221 daAuts
